 Dungeon Crawl Stone Soup version 0.31-a0-339-gda1cbd555d (webtiles) character file.

Game seed: 6345124730641259308

122 Newt the Shooter (level 5, -7/35 HPs)
             Began as a Kobold Hunter on July 20, 2023.
             Killed by divine providence
             ... invoked by an orc priest
              (11 damage)
             ... on level 3 of the Dungeon.
             The game lasted 00:01:41 (2337 turns).

Newt the Shooter (Kobold Hunter)                    Turns: 2337, Time: 00:01:42

Health: -7/35      AC:  3    Str: 14    XL:     5   Next: 27%
Magic:  5/5        EV: 15    Int: 10    God:
Gold:   1171       SH:  0    Dex: 25    Spells: 4/4 levels left

rFire   . . .        a - +0 shortbow
rCold   + . .        (shield currently unavailable)
rNeg    . . .        c - +0 leather armour
rPois   .            (no helmet)
rElec   .            (no cloak)
rCorr   .            (no gloves)
SInv    +            (no boots)
Will    .....        (no amulet)
Stlth   ++++         l - ring of protection from cold
HPRegen 0.25/turn    e - ring of Wishful Thinking {*Corrode Str+6 Dex+4 SInv Stlth+}
MPRegen 0.09/turn

%: corrode self (3%)
@: no status effects
A: small, no large weapons, nightstalker 3
a: no special abilities


You were on level 3 of the Dungeon.
You visited 1 branch of the dungeon, and saw 3 of its levels.

You collected 1171 gold pieces.

Inventory:

Hand Weapons
 a - a +0 shortbow (weapon)
Armour
 c - a +0 leather armour (worn)
Jewellery
 e - the ring of Wishful Thinking (right hand) {*Corrode Str+6 Dex+4 SInv Stlth+}
   (You acquired it on level 2 of the Dungeon)

   [ring of see invisible]

   Str:       It affects your strength (+6).
   Dex:       It affects your dexterity (+4).
   SInv:      It lets you see invisible.
   *Corrode:  It may corrode you when you take damage.
   Stlth:     It makes you more stealthy.
 g - a ring of ice
 l - a ring of protection from cold (left hand)
Scrolls
 k - a scroll of immolation {unknown}
 p - a scroll of blinking {unknown}
Potions
 d - a potion of degeneration
 f - a potion of heal wounds {unknown}
 h - a potion of might {unknown}
 i - a potion of resistance {unknown}
 j - a potion of haste {unknown}
 m - a potion of berserk rage {unknown}
 n - a potion of brilliance {unknown}
 o - a potion of lignification {unknown}


   Skills:
 - Level 5.0 Fighting
 + Level 6.1 Ranged Weapons
 - Level 2.4 Dodging
 - Level 1.3 Stealth


You had 4 spell levels left.
You didn't know any spells.
Your spell library contained the following spells:

 Spells                   Type           Power      Damage    Failure   Level
 Frozen Ramparts          Ice            0%         1d1       82%         3
 Portal Projectile        Hex/Tloc       0%         N/A       82%         3
 Tukima's Dance           Hex            0%         N/A       82%         3
 Iskenderun's Mystic Bla  Conj/Tloc      0%         2d3       99%         4
 Petrify                  Tmut/Erth      0%         N/A       99%         4
 Metabolic Englaciation   Hex/Ice        0%         N/A       100%        5


Dungeon Overview and Level Annotations

Branches:
Dungeon (3/15)

Altars:
Uskayaw

Shops:
D:3 (


Innate Abilities, Weirdness & Mutations

You are small and have problems with some larger weapons.
You are completely attuned to the shadows.


Message History

You shoot an arrow.
The arrow completely misses the orc priest.
The orc completely misses you. The orc hits you with a +0 club.
The orc priest misses you.
An orc wizard comes into view. It is wielding a +0 dagger of venom.
You shoot an arrow. The arrow hits the orc priest.
The orc priest is lightly wounded.
The orc hits you with a +0 dagger. The orc hits you with a +0 club.
The orc priest hits you but does no damage.
Unknown command.
You shoot an arrow. The arrow hits the orc priest.
The orc priest is heavily wounded.
The orc misses you. The orc closely misses you.
The orc priest hits you with a +0 whip!
The orc priest hits you with a +0 hand axe.
Unknown command.
You shoot an arrow.
The arrow hits the orc priest but does no damage.
The orc priest is heavily wounded.
The orc barely misses you.
The orc priest calls down the wrath of Beogh upon you.
Beogh smites you!
* * * LOW HITPOINT WARNING * * *
The orc priest hits you but does no damage.
Unknown command.
As you read the scroll of butterflies, it crumbles to dust.
You hear the flapping of tiny wings.
The orc is knocked back by the sudden gust.
The orc priest is knocked back by the sudden gust. x2
Something barely misses your butterfly.
The orc hits your butterfly with a +0 club.
Your butterfly dies!
Your butterfly disappears in a burst of colours!
The orc priest closely misses your butterfly.
Unknown command.
Okay, then.
You swap places.
The orc priest invokes the aid of Beogh against you.
Beogh smites you!
You die...

..#############
.o#.ob..#.....########
...b.bbb.......##.....
.).bbbbbb.............
..bbb@bbbb......##..##
bbbbb.bb........#..##
<.bbb...b...........#
.ob.bbb.........###.#
...............## #.##
...........####...
..............###.
........#####..... #
..#..>... ####.


You could see 2 orc priests and an orc (ally target).

Vanquished Creatures
  Jessica (D:3)
  Terence (D:2)
  2 adders (D:2)
  A dart slug (D:1)
  5 ball pythons
  2 endoplasms (D:1)
  3 giant cockroaches
  5 goblins
  10 hobgoblins
  4 quokkas
  5 bats
  A frilled lizard (D:3)
  5 kobolds
  A rat (D:1)
46 creatures vanquished.

Notes
Turn   | Place    | Note
-------+----------+-------------------------------------------
     0 | D:1      | Newt the Kobold Hunter began the quest for the Orb.
     0 | D:1      | Reached XP level 1. HP: 12/12 MP: 1/1
    52 | D:1      | Reached XP level 2. HP: 18/18 MP: 2/2
   470 | D:1      | Reached XP level 3. HP: 23/23 MP: 3/3
   876 | D:2      | Identified a scroll of acquirement
   876 | D:2      | Acquired the ring of Wishful Thinking {*Corrode Str+6 Dex+4
                  | SInv Stlth+}
   947 | D:2      | Noticed Terence
   953 | D:2      | Killed Terence
   954 | D:2      | Reached XP level 4. HP: 22/30 MP: 4/4
  1155 | D:2      | Reached skill level 5 in Fighting
  1200 | D:2      | Found a hide-covered altar of Uskayaw.
  1915 | D:3      | Noticed Jessica
  1927 | D:3      | Killed Jessica
  1928 | D:3      | Reached skill level 6 in Ranged Weapons
  1928 | D:3      | Reached XP level 5. HP: 20/35 MP: 5/5
  2154 | D:3      | Found Amuprin's Weapon Shop.
  2263 | D:3      | Acquired 1069 gold pieces
  2337 | D:3      | Killed from afar by an orc priest

Illustrated notes

Levels and vault maps discovered:
D:1:      lightli_arrival_quake, layout_basic
D:2:      layout_loops_ring, serial_rivers, chequers_serial_rivers_micro_e,
          chequers_serial_rivers_small_b, chequers_serial_rivers_small_3,
          chequers_serial_rivers_large_a, chequers_serial_rivers_room_b,
          basic_altar, uniq_terence
D:3:      layout_rooms, serial_shops, nicolae_shop_bloodbath_and_beyond,
          dreamdust_princess_corridor, uniq_jessica

Skill      XL: |  1  2  3  4 |
---------------+-------------+-----
Fighting       | 3 4 5 |  5.0
Ranged Weapons | 6 |  6.1
Dodging        | |  2.4
Stealth        | |  1.3

Action                     |  1- 3 |  4- 6 || total
---------------------------+-------+-------++-------
   Fire: Shortbow          |    52 |    56 ||   108
    Use: Scroll            |     3 |     4 ||     7
 Armour: Leather armour    |       |     3 ||     3
  Dodge: Dodged            |     3 |    29 ||    32

Table legend: (Time is in decaauts)
 A = Elapsed time spent in this place.
 B = Non-inter-level travel time spent in this place.
 C = Inter-level travel time spent in this place.
 D = Time resting spent in this place.
 E = Time spent auto-exploring this place.
 F = Levels seen in this place.
 G = Mean time per level.
                   A        B        C        D        E       F      G
               +--------+--------+--------+--------+--------+-----+--------+
         Total |   2377 |   2303 |     74 |    125 |   1950 |   3 |  792.3 |
       Dungeon |   2377 |   2303 |     74 |    125 |   1950 |   3 |  792.3 |
               +--------+--------+--------+--------+--------+-----+--------+

Top non-repeatable levels by time:
     D:2: 1065 daAuts
     D:1: 882 daAuts
     D:3: 430 daAuts
